 Dungeon Crawl Stone Soup version 0.28-a0-1524-ge72afd5fc6 (webtiles) character file.

Game seed: 11870987230460048402

3679 hashsling the Geomancer (level 10, 0/59 HPs)
             Began as a Gargoyle Earth Elementalist on Jan 17, 2022.
             Was a Believer of Sif Muna.
             Slain by a yak (4 damage)
             ... on level 8 of the Dungeon.
             The game lasted 00:39:45 (8797 turns).

hashsling the Geomancer (GrEE)                      Turns: 8797, Time: 00:39:46

Health: 0/59       AC: 17    Str: 13    XL:     10   Next: 13%
Magic:  0/25       EV: 10    Int: 19    God:    Sif Muna [**....]
Gold:   550        SH:  0    Dex: 10    Spells: 7/17 levels left

rFire   . . .      SeeInvis .   p - +0 dire flail
rCold   . . .      Faith    .   (shield currently unavailable)
rNeg    + . .      Spirit   .   x - +0 ring mail
rPois   ∞          Reflect  .   h - +0 helmet
rElec   +          Harm     .   v - +0 cloak
rCorr   .          Rampage  .   (no gloves)
Will    .....                   l - +0 pair of boots
Stlth   +.........              (no amulet)
HPRegen 0.19/turn               k - ring of wizardry
MPRegen 0.19/turn               t - ring of magical power

@: no status effects
A: sickness immunity, AC +7, negative energy resistance 1, electricity
resistance, torment resistance 1, petrification resistance
a: Renounce Religion, Channel Magic


You were on level 8 of the Dungeon.
You worshipped Sif Muna.
Sif Muna was pleased with you.
You visited 2 branches of the dungeon, and saw 9 of its levels.

You collected 550 gold pieces.

Inventory:

Hand Weapons
 a - a +0 mace
 p - a +0 dire flail (weapon)
 A - a +0 flail
Missiles
 c - 222 stones
Armour
 h - a +0 helmet (worn)
 l - a +0 pair of boots (worn)
 q - a +0 leather armour
 v - a +0 cloak (worn)
 x - a +0 ring mail (worn)
Jewellery
 d - the amulet of Giab {Spirit rF+ Str+4 Int+4 Slay-4}
   (You found it on level 5 of the Dungeon)

   [amulet of guardian spirit]

   It causes incoming damage to be divided between your reserves of health and
   magic.
   Str:       It affects your strength (+4).
   Int:       It affects your intelligence (+4).
   Slay:      It affects your accuracy & damage with ranged weapons and melee
   (-4).
   rF:        It protects you from fire.
 f - a +6 ring of intelligence
 k - a ring of wizardry (left hand)
 t - a ring of magical power (right hand)
 y - a ring of protection from cold
 G - a ring of protection from fire
Wands
 b - a wand of digging (1)
 D - a wand of charming (6)
 F - a wand of paralysis (5)
Scrolls
 e - a scroll of vulnerability
 g - a scroll of silence
 j - a scroll of enchant armour
 m - a scroll of teleportation
 n - a scroll of immolation {unknown}
 o - 2 scrolls of amnesia
 r - a scroll of brand weapon {unknown}
 u - a scroll of enchant weapon {unknown}
 w - a scroll of acquirement {unknown}
 z - 2 scrolls of noise
 B - a scroll of holy word {unknown}
 C - a scroll of magic mapping {unknown}
 E - a scroll of fear {unknown}
Potions
 i - a potion of curing
 s - a potion of degeneration {unknown}


   Skills:
 * Level 5.5 Fighting
 + Level 3.8 Maces & Flails
 - Level 6.0 Armour
 - Level 2.0 Dodging
 - Level 3.0 Stealth
 - Level 4.0 Spellcasting
 - Level 1.0 Transmutations
 + Level 11.3 Earth Magic
 + Level 5.2 Invocations


You had 7 spell levels left.
You knew the following spells:

 Your Spells              Type           Power      Damage    Failure   Level
a - Sandblast             Erth           92%        2d19      1%          1
b - Passwall              Tmut/Erth      22%        N/A       1%          2
c - Stone Arrow           Conj/Erth      50%        3d10      3%          3
d - Petrify               Tmut/Erth      27%        N/A       9%          4

Your spell library contained the following spells:

 Spells                   Type           Power      Damage    Failure   Level
 Gell's Gravitas          Tloc           3%         N/A       32%         3
 Ozocubu's Armour         Ice            3%         N/A       32%         3
 Summon Guardian Golem    Hex/Summ       3%         N/A       32%         3
 Teleport Other           Tloc           3%         N/A       32%         3
 Dispersal                Tloc           1%         N/A       100%        6
 Orb of Destruction       Conj           1%         9d5       100%        7
 Ozocubu's Refrigeration  Ice            1%         4d5       100%        7
 Spellforged Servitor     Conj/Summ      1%         N/A       100%        7


Dungeon Overview and Level Annotations

Branches:
Dungeon (8/15)             Temple (1/1) D:5
   Lair: D:8-11

Altars:
Ashenzari
Cheibriados
Dithmenos
Elyvilon
Fedhas
Gozag
Hepliaklqana
Makhleb
Nemelex Xobeh
Okawaru
Qazlal
Ru
Sif Muna
Trog
Uskayaw
Vehumet
Wu Jian
Yredelemnul
Zin
The Shining One
Lugonu

Portals:
Abyss: D:4


Innate Abilities, Weirdness & Mutations

You are immune to sickness and miasma.
Your stone body is resilient. (AC +7)
You are immune to poison.
You resist negative energy. (rN+)
You are resistant to electric shocks. (rElec)
You are resistant to unholy torment.
You are immune to petrification.


Message History

Confirm with . or Enter, or press ? or * to list all spells.
You don't know that spell.
Aiming: Paralyse
Press: ? - help, Shift-Dir - straight line, f - yak
Aim: a yak (chance to affect: 49%)
The yak resists with some effort.
The yak gores you.
* * * LOW HITPOINT WARNING * * *
You feel better. The yak completely misses you.
Found 16 gold pieces.
You see here 16 gold pieces.
Casting: Sandblast (safe; 1% risk of failure)
Confirm with . or Enter, or press ? or * to list all spells.
Aiming: Stone Arrow (dangerous; 3% risk of failure)
Press: ? - help, Shift-Dir - straight line, f/p - yak
Aim: a yak (83% to hit)
The stone arrow hits the yak!
The yak is moderately wounded.
The yak gores you.
* * * LOW HITPOINT WARNING * * *
Casting: Stone Arrow (dangerous; 3% risk of failure)
Confirm with . or Enter, or press ? or * to list all spells.
You don't know that spell.
Casting: Stone Arrow (dangerous; 3% risk of failure)
Confirm with . or Enter, or press ? or * to list all spells.
Aiming: Stone Arrow (dangerous; 3% risk of failure)
Press: ? - help, Shift-Dir - straight line, f/p - yak
Aim: a yak (moderately wounded, 83% to hit)
The stone arrow hits the yak!
The yak is heavily wounded.
The yak gores you.
* * * LOW HITPOINT WARNING * * *
Casting: Stone Arrow (dangerous; 3% risk of failure)
Confirm with . or Enter, or press ? or * to list all spells.
Aiming: Stone Arrow (dangerous; 3% risk of failure)
Press: ? - help, Shift-Dir - straight line, f/p - yak
Aim: a yak (heavily wounded, 83% to hit)
The stone arrow hits the yak!!
The yak is almost dead.
The yak gores you.
You die...

#
####8..8#≈≈≈≈≈≈≈≈≈≈≈≈≈###
# #8..8###.≈≈≈K≈≈≈#### #
#....# #.######## #
.....# #.# # ....!## #.#
.....# #.#### #.....#
#....# ####Y# #@# #.# #.#
#.# #.# #.# #.# ..#


You could see a yak.

Vanquished Creatures
  Pikel (D:7)
  Grinder (D:3)
  A hornet (D:7)
  Prince Ribbit (D:7)
  A shadow (D:8)
  2 yaks (D:8)
  Duvessa (D:7)
  A necrophage (D:4)
  5 ogres
  An orc warrior (D:8)
  A centaur (D:7)
  A phantom (D:6)
  2 kobold brigands (D:7)
  2 bullfrogs
  A scorpion (D:6)
  A water moccasin zombie (D:6)
  A wyvern skeleton (D:6)
  Dowan (D:7)
  3 howler monkeys (D:7)
  A bullfrog zombie (D:7)
  A centaur zombie (D:8)
  5 orc priests
  A hound (D:5)
  4 iguanas (D:5)
  Ijyb (D:3)
  3 orc wizards
  2 howler monkey skeletons (D:5)
  10 adders
  5 gnolls
  A shadow imp (D:5)
  A white imp (D:6)
  2 dart slugs (D:2)
  19 orcs
  6 bats
  6 endoplasms
  4 giant cockroaches
  6 goblins
  11 hobgoblins
  4 jackals (D:4)
  A quokka (D:4)
  9 ball pythons
  3 frilled lizards
  27 kobolds
  14 rats
175 creatures vanquished.

Vanquished Creatures (others)
  An orc wizard (D:8)
1 creature vanquished.

Grand Total: 176 creatures vanquished

Notes
Turn   | Place    | Note
-------+----------+-------------------------------------------
     0 | D:1      | hashsling the Gargoyle Earth Elementalist began the quest
                  | for the Orb.
     0 | D:1      | Reached XP level 1. HP: 10/10 MP: 3/3
   228 | D:1      | Reached skill level 1 in Transmutations
   228 | D:1      | Reached XP level 2. HP: 15/15 MP: 3/5
   231 | D:1      | Learned a level 2 spell: Passwall
   276 | D:1      | Reached skill level 4 in Earth Magic
   958 | D:1      | Reached XP level 3. HP: 19/19 MP: 6/6
  1863 | D:2      | Reached skill level 5 in Earth Magic
  1863 | D:2      | Reached XP level 4. HP: 24/24 MP: 7/7
  2410 | D:3      | Noticed Grinder
  2415 | D:3      | Paralysed by Grinder for 5 turns
  2423 | D:3      | Paralysed by Grinder for 2 turns
  2433 | D:3      | Paralysed by Grinder for 7 turns
  2445 | D:3      | Killed Grinder
  2446 | D:3      | Reached skill level 7 in Earth Magic
  2446 | D:3      | Reached XP level 5. HP: 14/28 MP: 4/8
  2446 | D:3      | Reached XP level 6. HP: 16/32 MP: 4/9
  3193 | D:3      | Reached skill level 1 in Fighting
  3193 | D:3      | Reached skill level 1 in Maces & Flails
  3439 | D:3      | Noticed Ijyb
  3450 | D:3      | Killed Ijyb
  3451 | D:3      | Reached skill level 1 in Armour
  3458 | D:3      | Learned a level 3 spell: Stone Arrow
  3665 | D:4      | Reached XP level 7. HP: 31/39 MP: 7/10
  3719 | D:4      | Reached skill level 8 in Earth Magic
  3832 | D:4      | You fall into a shaft and drop 1 floor!
  3832 | D:5      | Entered Level 5 of the Dungeon
  3839 | D:5      | Identified the amulet of Giab {Spirit rF+ Str+4 Int+4
                  | Slay-4}
  4017 | D:4      | Found a large runed translucent door.
  4018 | D:4      | Found a large runed translucent door.
  4179 | D:4      | Found a one-way gate to the infinite horrors of the Abyss.
  4199 | D:4      | Found a large runed translucent door.
  4200 | D:4      | Found a large runed translucent door.
  4202 | D:4      | Found a corrupted altar of Lugonu.
  4628 | D:4      | Found an ornate altar of the Wu Jian Council.
  4642 | D:4      | Found a radiant altar of Vehumet.
  4800 | D:5      | Found a staircase to the Ecumenical Temple.
  4818 | Temple   | Entered the Ecumenical Temple
  4883 | Temple   | Became a worshipper of Sif Muna the Loreminder
  5011 | D:5      | Reached XP level 8. HP: 44/46 MP: 2/11
  5232 | D:5      | Learned a level 4 spell: Petrify
  5528 | D:5      | Found a sacrificial altar of Ru.
  5655 | D:6      | Reached skill level 9 in Earth Magic
  6249 | D:6      | Found an iron altar of Okawaru.
  6385 | D:6      | Found an opulent altar of Gozag.
  6453 | D:6      | Found a burning altar of Makhleb.
  6519 | D:6      | Reached skill level 10 in Earth Magic
  6985 | D:7      | Reached skill level 1 in Invocations
  6989 | D:7      | Reached * piety under Sif Muna
  7005 | D:7      | Reached XP level 9. HP: 51/52 MP: 1/14
  7127 | D:7      | Noticed Duvessa
  7131 | D:7      | Killed Duvessa
  7131 | D:7      | Noticed Dowan
  7134 | D:7      | Killed Dowan
  7513 | D:7      | Noticed a hornet
  7557 | D:7      | Noticed Pikel
  7568 | D:7      | Killed Pikel
  7626 | D:7      | Reached skill level 5 in Armour
  7767 | D:7      | Killed a hornet
  8220 | D:7      | Found a sparkling altar of Nemelex Xobeh.
  8269 | D:7      | Noticed Prince Ribbit
  8274 | D:7      | Killed Prince Ribbit
  8275 | D:7      | Reached skill level 11 in Earth Magic
  8552 | D:8      | Reached ** piety under Sif Muna
  8589 | D:8      | Reached skill level 5 in Fighting
  8589 | D:8      | Reached skill level 5 in Invocations
  8589 | D:8      | Reached XP level 10. HP: 16/59 MP: 2/16
  8784 | D:8      | HP: 1/59 [yak (6)]
  8797 | D:8      | Slain by a yak

Illustrated notes

Levels and vault maps discovered:
D:1:      dpeg_arrival_signposts, layout_loops_ring,
          chequers_serial_rivers_small_3, minmay_rat_gold_closets
D:2:      layout_rooms, corexii_leaking_fountain
D:3:      layout_basic, corexii_corridor_pit, chequers_serial_rivers_micro_a,
          minmay_increasing_density, uniq_ijyb, uniq_grinder
D:4:      due_chaos_kobolds, layout_gridville, jmf_multi_god_temple2,
          minmay_misc_feat_rows, chequers_serial_rivers_micro_b,
          minmay_misc_feat_cross
D:5:      layout_cave_pools, mainiacjoe_overflow_surrounded_room,
          minmay_temple_entry_large_hall, nrook_pool_corridor,
          minmay_diced_spiral
D:6:      layout_cave_pools, mainiacjoe_overflow_small_starburst,
          okawaru_ov_weapons_minmay, mainiacjoe_overflow_six_doors_small
D:7:      layout_loops_corners, mainiacjoe_overflow_alcove_4,
          chequers_serial_rivers_micro_c, kennysheep_windowed_goal,
          uniq_duvessa, uniq_pikel, uniq_prince_ribbit1
D:8:      wander_river, layout_loops_cross, lair_entry_dummy, enter_bailey_5
Temple:   cyrus_circular_temple

Skill      XL: |  1  2  3  4  5  6  7  8  9 |
---------------+----------------------------+-----
Transmutations | 1 |  1.0
Earth Magic    | 4 5 7 8 10 11 | 11.3
Dodging        | 2 |  2.0
Stealth        | 3 |  3.0
Fighting       | 1 3 4 5 |  5.5
Maces & Flails | 1 3 |  3.8
Armour         | 1 2 6 |  6.0
Spellcasting   | 3 4 |  4.0
Invocations    | 1 5 |  5.2

Action                   |  1- 3 |  4- 6 |  7- 9 | 10-12 || total
-------------------------+-------+-------+-------+-------++-------
Melee: Club              |   115 |    32 |       |       ||   147
       Punch             |     1 |       |       |       ||     1
       Mace              |       |    22 |       |       ||    22
       Dire flail        |       |     9 |   150 |     6 ||   165
 Cast: Sandblast         |    21 |    40 |    36 |     2 ||    99
       Passwall          |       |     1 |       |       ||     1
       Stone Arrow       |       |       |   115 |    12 ||   127
Evoke: Wand              |       |       |       |     1 ||     1
  Use: Potion            |       |     3 |       |     1 ||     4
       Scroll            |       |       |     8 |     1 ||     9
 Stab: Sleeping          |     9 |     1 |     1 |       ||    11
Armor: Robe              |    39 |    28 |       |       ||    67
       Leather armour    |       |    15 |    44 |       ||    59
       Ring mail         |       |       |    68 |    11 ||    79
Dodge: Dodged            |   111 |    72 |   110 |    10 ||   303

Table legend: (Time is in decaauts)
 A = Elapsed time spent in this place.
 B = Non-inter-level travel time spent in this place.
 C = Inter-level travel time spent in this place.
 D = Time resting spent in this place.
 E = Time spent auto-exploring this place.
 F = Levels seen in this place.
 G = Mean time per level.
                   A        B        C        D        E       F      G
               +--------+--------+--------+--------+--------+-----+--------+
         Total |   8883 |   8457 |    426 |      2 |   6560 |   9 |  987.0 |
       Dungeon |   8809 |   8383 |    426 |      2 |   6560 |   8 | 1101.1 |
        Temple |     73 |     73 |      0 |      0 |      0 |   1 |   73.0 |
               +--------+--------+--------+--------+--------+-----+--------+

Top non-repeatable levels by time:
     D:7: 1761 daAuts
     D:1: 1544 daAuts
     D:3: 1260 daAuts
     D:6: 1096 daAuts
     D:4: 1039 daAuts
     D:2: 926 daAuts
     D:5: 863 daAuts
     D:8: 318 daAuts
  Temple: 73 daAuts
